 Dungeon Crawl Stone Soup version 0.20-a0-971-g5896763 (webtiles) character file.

220 Leszczynek the Ruffian (level 5, -7/45 HPs)
             Began as an Ogre Summoner on Apr 8, 2017.
             Mangled by a wight
             ... wielding a +2 spear
              (9 damage)
             ... on level 6 of the Dungeon.
             The game lasted 00:14:51 (2251 turns).

Leszczynek the Ruffian (Ogre Summoner)              Turns: 2251, Time: 00:14:51

Health: -7/45      AC:  3    Str: 16    XL:     5   Next: 97%
Magic:  0/8        EV:  9    Int: 16    God:
Gold:   184        SH:  0    Dex: 10    Spells: 2/8 levels left

rFire    . . .     SeeInvis .   a - +0 short sword
rCold    . . .     Gourm    .   (no shield)
rNeg     . . .     Faith    .   e - +0 robe
rPois    .         Spirit   .   (helmet restricted)
rElec    .         Reflect  .   (no cloak)
rCorr    .         Harm     .   (gloves unavailable)
MR       .....                  (boots unavailable)
Stlth    +.........             (no amulet)
Regen    0.2/turn               p - +4 ring of strength
MPRegen  0.2/turn               (no ring)

@: very slightly contaminated, heavily drained
A: unfitting armour, tough skin 1
a: no special abilities


You were on level 6 of the Dungeon.
You were not hungry.

You visited 1 branch of the dungeon, and saw 6 of its levels.

You collected 184 gold pieces.

Inventory:

Hand Weapons
 a - a +0 short sword (weapon)
Armour
 e - a +0 robe (worn)
Jewellery
 n - an uncursed amulet of guardian spirit
 p - a +4 ring of strength (left hand)
Wands
 m - a wand of digging (14/24)
Scrolls
 c - 2 scrolls of amnesia
 f - 3 scrolls of teleportation {unknown}
 g - 2 scrolls of identify {@r1}
 h - a scroll of immolation {unknown}
 k - a scroll of remove curse {unknown}
 l - a scroll of magic mapping {unknown}
Books
 b - a book of Callings

   Spells                             Type                      Level
   a - Summon Small Mammal            Summoning                    1
   b - Call Imp                       Summoning                    2
   c - Call Canine Familiar           Summoning                    3
   d - Summon Guardian Golem          Hexes/Summoning              3
   e - Summon Lightning Spire         Summoning/Air                4
   f - Summon Ice Beast               Ice/Summoning                4
Comestibles
 d - 3 bread rations
 j - a meat ration
 o - 4 fruits


   Skills:
 - Level 1.7(0.6) Dodging
 - Level 1.4(0.2) Stealth
 + Level 5.0(3.7) Unarmed Combat
 - Level 2.4(1.2) Spellcasting
 - Level 3.6(2.3) Summonings


You had 2 spell levels left.
You knew the following spells:

 Your Spells              Type           Power        Failure   Level  Hunger
a - Summon Small Mammal   Summ           #...         10%         1    ##.....
b - Call Imp              Summ           #.......     14%         2    ###....
c - Call Canine Familiar  Summ           #.......     28%         3    ####...


Dungeon Overview and Level Annotations

Branches:
Dungeon (6/15)
 Temple: D:4-7

Altars:

Annotations:
D:4 Tux's ghost, amateur VSMo
D:6 Gorglomux's ghost, novice TeAE


Innate Abilities, Weirdness & Mutations

You are too large for most types of armour.
You have tough skin. (AC +1)


Message History

Your hound closely misses the wight.
The wight hits you with a long sword.
* * * LOW HITPOINT WARNING * * *
You feel drained.
* * * LOW HITPOINT WARNING * * *
Your hound bites the wight.
The wight is destroyed!
Your base Unarmed Combat skill increases to level 5!
Unknown command.
Your hound barely misses the wight.
Your hound bites the wight.
Your hound misses the wight.
Your hound barely misses the wight.
There is a stone staircase leading up, spattered with blood here.
Casting: Call Canine Familiar
Confirm with . or Enter, or press ? or * to list all spells.
You miscast Call Imp.
Nothing appears to happen.
Your hound bites the wight but does no damage.
The wight hits you from afar with an enchanted spear!
You die...

#..# #.#
#.####..###.### #.#
..z............ #.#
#..# #.# #.)# #.#
.######h.# #.#
.........# #.#
.######.##########.#
#....hz.@....#
##############


You could see a wight and a friendly hound.

Vanquished Creatures
  A hound zombie (D:5)
  A howler monkey skeleton (D:5)
  A shadow imp (D:5)
  An ooze (D:2)
  An adder skeleton (D:4)
  2 dart slugs
  A leopard gecko (D:2)
  3 ball pythons
  2 giant cockroaches
  3 goblins
  A hobgoblin (D:1)
  2 bats
  A frilled lizard (D:2)
  3 kobolds
  4 rats
27 creatures vanquished.

Vanquished Creatures (collateral kills)
  A necrophage (D:5)
  A wight (D:6)
  2 worker ants (D:5)
  An adder (D:2)
  A shadow imp (D:5)
  2 dart slugs (D:1)
  4 orcs
  2 goblins
  A hobgoblin (D:3)
  5 jackals
  4 kobolds
  3 bats (D:2)
  A frilled lizard (D:2)
  3 rats
31 creatures vanquished.

Vanquished Creatures (others)
  3 fungi (D:6)
3 creatures vanquished.

Grand Total: 61 creatures vanquished

Notes
Turn   | Place    | Note
-------+----------+-------------------------------------------
     0 | D:1      | Leszczynek the Ogre Summoner began the quest for the Orb.
     0 | D:1      | Reached XP level 1. HP: 16/16 MP: 3/3
    65 | D:1      | Reached skill level 1 in Unarmed Combat
   227 | D:1      | Reached XP level 2. HP: 17/24 MP: 1/5
   249 | D:1      | Learned a level 2 spell: Call Imp
   338 | D:2      | Reached skill level 2 in Unarmed Combat
   573 | D:2      | Reached XP level 3. HP: 29/31 MP: 3/6
   807 | D:3      | Noticed a bullfrog
   838 | D:4      | Noticed a phantom
   945 | D:4      | Learned a level 3 spell: Call Canine Familiar
   977 | D:3      | HP: 3/31 [bullfrog (2)]
  1397 | D:4      | Reached skill level 3 in Unarmed Combat
  1560 | D:4      | Reached XP level 4. HP: 32/39 MP: 5/7
  1568 | D:4      | Noticed Tux's ghost (amateur VSMo)
  1578 | D:5      | Entered Level 5 of the Dungeon
  1578 | D:5      | Noticed a necrophage
  1621 | D:5      | HP: 3/39 [necrophage (4)]
  1623 | D:5      | Killed a necrophage
  1623 | D:5      | Reached skill level 4 in Unarmed Combat
  1623 | D:5      | Reached XP level 5. HP: 4/45 MP: 2/8
  1814 | D:5      | Noticed a phantom
  2137 | D:6      | Noticed Gorglomux's ghost (novice TeAE)
  2241 | D:6      | HP: 3/45 [wight/long sword (5)]
  2241 | D:6      | HP: 1/45 [wight/long sword (2)]
  2241 | D:6      | Reached skill level 5 in Unarmed Combat
  2251 | D:6      | Mangled by a wight

Vault maps used:
D:1:      dpeg_arrival_refuge
D:4:      temple_hall, lemuel_statue_altar
D:5:      first_bread, uniq_crazy_yiuf_cottage
D:6:      lemuel_slime, gammafunk_temple_overflow_forgotten,
          cheibrodos_ashenzari_chains, basic_altar, st_stairs_6

Skill      XL: |  1  2  3  4  5 |
---------------+----------------+-----
Unarmed Combat | 1 2 3 4 5 |  5.0
Dodging        | |  1.7
Stealth        | |  1.4
Spellcasting   | |  2.4
Summonings     | |  3.6

Action                   |  1- 3 |  4- 6 || total
-------------------------+-------+-------++-------
Melee: Unarmed           |    87 |       ||    87
       Short sword       |    23 |    50 ||    73
       Punch             |       |     2 ||     2
 Cast: Summon Small Mamm |    14 |       ||    14
       Call Imp          |    22 |     4 ||    26
       Call Canine Famil |     2 |     7 ||     9
  Use: Scroll            |     3 |       ||     3
       Potion            |     4 |       ||     4
 Stab: Sleeping          |     1 |       ||     1
  Eat: Chunk             |     5 |     3 ||     8
       Royal jelly       |       |     1 ||     1
Armor: Robe              |    39 |    10 ||    49
Dodge: Dodged            |    98 |    25 ||   123
